 Dungeon Crawl Stone Soup version 0.31-a0-234-gad7ace16ef (webtiles) character file.

Game seed: 1521729006609178874

191 qw the Shooter (level 5, 0/46 HPs)
             Began as a Minotaur Hexslinger on July 9, 2023.
             Was an Initiate of Okawaru.
             Succumbed to a scorpion's poison
             ... on level 4 of the Dungeon.
             The game lasted 00:00:57 (2589 turns).

qw the Shooter (Minotaur Hexslinger)                Turns: 2589, Time: 00:00:57

Health: 0/46       AC:  5    Str: 12    XL:     5   Next: 42%
Magic:  5/5        EV: 11    Int: 10    God:    Okawaru [......]
Gold:   159        SH:  5    Dex: 15    Spells: 5/6 levels left

rFire   . . .        Y - +1 sling
rCold   . . .        (no shield)
rNeg    . . .        d - +0 ring mail
rPois   .            (helmet restricted)
rElec   .            (no cloak)
rCorr   .            (no gloves)
SInv    .            (no boots)
Will    .....        i - amulet of reflection
Stlth   +            (no ring)
HPRegen 0.27/turn    (no ring)
MPRegen 0.09/turn

%: reflection
@: lethally poisoned (0 -> -12)
A: horns 2, retaliatory headbutt
a: Renounce Religion


You were on level 4 of the Dungeon.
You worshipped Okawaru.
Okawaru was noncommittal.
You visited 2 branches of the dungeon, and saw 5 of its levels.

You collected 159 gold pieces.


Innate Abilities, Weirdness & Mutations

You have a pair of horns on your head.
You reflexively headbutt those who attack you in melee.


   Skills:
 - Level 4.0 Fighting
 + Level 5.0 Ranged Weapons
 - Level 1.1 Armour
 - Level 2.1 Dodging
 - Level 1.0 Spellcasting
 - Level 2.0 Hexes


You had 5 spell levels left.
You knew the following spells:

 Your Spells              Type           Power      Damage    Failure   Level
a - Slow                  Hex            16%        N/A       34%         1

Your spell library contained the following spells:

 Spells                   Type           Power      Damage    Failure   Level
 Inner Flame              Hex/Fire       2%         N/A       83%         3
 Portal Projectile        Hex/Tloc       4%         N/A       83%         3
 Cause Fear               Hex            2%         N/A       98%         4

Inventory:

Hand Weapons
 Y - a +1 sling (weapon)
Armour
 d - a +0 ring mail (worn)
Jewellery
 i - an amulet of reflection (around neck)
Scrolls
 a - a scroll of identify
 c - a scroll of amnesia {unknown}
Potions
 b - a potion of curing {unknown}
 e - a potion of haste {unknown}
 g - 2 potions of brilliance {unknown}

Dungeon Overview and Level Annotations

Branches:
Dungeon (4/15)             Temple (1/1) D:4

Altars:
Ashenzari
Cheibriados
Dithmenos
Elyvilon
Fedhas
Gozag
Hepliaklqana
Kikubaaqudgha
Makhleb
Nemelex Xobeh
Okawaru
Qazlal
Ru
Trog
Uskayaw
Wu Jian
Xom
Yredelemnul
Zin
The Shining One


Message History

You shoot a sling bullet.
The sling bullet barely misses the scorpion.
You feel very sick. You block the scorpion's attack.
You shoot a sling bullet.
The sling bullet hits the scorpion but does no damage.
The scorpion is lightly wounded.
You feel sick.
The scorpion stings you but does no damage.
The scorpion barely misses you.
You shoot a sling bullet.
The sling bullet closely misses the scorpion.
You feel sick. The scorpion stings you.
You shoot a sling bullet. The sling bullet hits the scorpion.
The scorpion is heavily wounded.
You feel sick. The scorpion stings you.
You are more poisoned.
The scorpion poisons you! The scorpion closely misses you.
You furiously retaliate!
You headbutt the scorpion. You shoot a sling bullet.
The sling bullet hits the scorpion but does no damage.
The scorpion is severely wounded.
You feel very sick. The scorpion stings you.
You shoot a sling bullet.
The sling bullet hits the scorpion but does no damage.
The scorpion is severely wounded.
You feel very sick. The scorpion stings you. x2
You are more poisoned.
The scorpion poisons you!
You shoot a sling bullet.
The sling bullet hits the scorpion but does no damage.
The scorpion is heavily wounded.
You feel very sick.
The scorpion stings you but does no damage.
You shoot a sling bullet.
The sling bullet hits the scorpion but does no damage.
The scorpion is heavily wounded.
You die...

##########
.........#######
.##########.......#####
......s@..#.#...).....
.########..###......#
#.#.#.###...#
#...........#
####..###.#.## #..#
#..#(# ######.# ###.##
##......# ##.##
##>...<#.####...###


You could see a scorpion.

Vanquished Creatures
  An ogre (D:4)
  4 adders
  2 worms (D:2)
  2 dart slugs
  4 ball pythons
  3 bats (D:1)
  7 endoplasms
  5 giant cockroaches
  5 goblins
  5 hobgoblins
  6 jackals
  6 kobolds
  2 quokkas
  2 frilled lizards (D:2)
  2 rats
56 creatures vanquished.

Notes
Turn   | Place    | Note
-------+----------+-------------------------------------------
     0 | D:1      | qw the Minotaur Hexslinger began the quest for the Orb.
     0 | D:1      | Reached XP level 1. HP: 16/16 MP: 1/1
     0 | D:1      | 0 ||| qw: Version: 0.3-a-51-g015441d
     0 | D:1      | 0 ||| qw: Game counter: 4195
     0 | D:1      | 0 ||| qw: Melee chars always use a shield: true
     0 | D:1      | 0 ||| qw: God list: Okawaru
     0 | D:1      | 0 ||| qw: Allow faded altars: false
     0 | D:1      | 0 ||| qw: Do Orc after clearing Dungeon:15 true
     0 | D:1      | 0 ||| qw: Do second Lair branch before Depths: true
     0 | D:1      | 0 ||| qw: Lair rune preference: random
     0 | D:1      | 0 ||| qw: Goals: Normal
     0 | D:1      | 0 ||| PLANNING D:1-11
    81 | D:1      | Reached skill level 3 in Ranged Weapons
    81 | D:1      | Reached XP level 2. HP: 23/23 MP: 2/2
   390 | D:1      | 390 ||| UPGRADING to +0 ring mail.
   400 | D:1      | 400 ||| DROPPING +0 robe.
   401 | D:1      | 401 ||| UPGRADING to amulet of reflection.
   406 | D:1      | 406 ||| READING scroll labelled XAILEA YDEALO.
   507 | D:1      | 507 ||| READING scroll labelled KOXUAT MERIFIOHEA.
   510 | D:1      | 510 ||| READING 2 scrolls labelled BOBOOL NIOHU.
   511 | D:1      | 511 ||| READING scroll labelled WIN POWAASHRUNT.
   512 | D:1      | 512 ||| DROPPING scroll of poison.
   513 | D:1      | 513 ||| DROPPING scroll of fear.
   539 | D:2      | Reached XP level 3. HP: 29/29 MP: 3/3
   607 | D:2      | Reached skill level 4 in Ranged Weapons
   627 | D:2      | Reached skill level 1 in Armour
   747 | D:2      | Reached XP level 4. HP: 34/36 MP: 4/4
  1291 | D:2      | 1291 ||| READING 2 scrolls labelled ODOLUG FOESU.
  1357 | D:2      | 1357 ||| READING scroll labelled UMMUKO QIYNK.
  1358 | D:2      | 1358 ||| READING scroll labelled NUFATE MUADI.
  1359 | D:2      | 1359 ||| READING 2 scrolls of identify.
  1359 | D:2      | 1359 ||| IDENTIFYING silvery potion
  1360 | D:2      | 1360 ||| DROPPING scroll of torment.
  2001 | D:3      | 2001 ||| READING scroll labelled SOSOTRO LUOZUT.
  2002 | D:3      | 2002 ||| DRINKING 2 amethyst potions.
  2003 | D:3      | 2003 ||| DROPPING potion of attraction.
  2021 | D:4      | Found a staircase to the Ecumenical Temple.
  2022 | D:4      | 2022 ||| PLANNING TEMPLE
  2033 | D:4      | Reached skill level 5 in Ranged Weapons
  2036 | Temple   | Entered the Ecumenical Temple
  2072 | Temple   | 2072 ||| PLANNING OKAWARU WORSHIP
  2431 | Temple   | Became a worshipper of Warmaster Okawaru
  2432 | Temple   | 2432 ||| PLANNING D:1-11
  2485 | D:4      | Noticed an ogre
  2496 | D:4      | HP: 1/36 [ogre/+0 giant club (16)]
  2497 | D:4      | 2497 ||| DRINKING potion of heal wounds.
  2501 | D:4      | Killed an ogre
  2502 | D:4      | Reached XP level 5. HP: 34/46 MP: 5/5
  2587 | D:4      | HP: 7/46 [scorpion (6)]
  2589 | D:4      | Succumbed to a scorpion's poison

Levels and vault maps discovered:
D:1:      minmay_arrival_three_doors, layout_rooms
D:2:      layout_basic, minmay_curled_crystal
D:3:      layout_loops_ring, minmay_misc_feat_rows, kennysheep_nondescript
D:4:      layout_loops_ring, minmay_temple_entry_glass, uniq_natasha, uniq_robin
Temple:   mainiacjoe_temple_big_plus

Skill      XL: |  1  2  3  4 |
---------------+-------------+-----
Ranged Weapons | 3 4 5 |  5.0
Fighting       | 2 4 |  4.0
Armour         | 1 |  1.1
Dodging        | |  2.1
Spellcasting   | |  1.0
Hexes          | |  2.0

Action                     |  1- 3 |  4- 6 || total
---------------------------+-------+-------++-------
   Fire: Sling             |    97 |   109 ||   206
    Use: Scroll            |     4 |     5 ||     9
         Potion            |       |     2 ||     2
 Armour: Robe              |     7 |       ||     7
         Ring mail         |     7 |    23 ||    30
  Dodge: Dodged            |    20 |    35 ||    55
  Block: Other             |     4 |    26 ||    30

Table legend:
 A = Non-vault XP
 B = Vault XP
 C = Vault XP percentage of total XP
 D = Non-vault monster count
 E = Vault monster count
 F = Vault count percentage of total count
                 A         B        C        D         E       F
            +---------+---------+-------+---------+---------+-------
      Total |     274 |       0 |   0.0 |      56 |       0 |   0.0
            +---------+---------+-------+---------+---------+-------
        D:1 |      31 |       0 |   0.0 |      16 |       0 |   0.0
        D:2 |      79 |       0 |   0.0 |      21 |       0 |   0.0
        D:3 |      40 |       0 |   0.0 |      15 |       0 |   0.0
        D:4 |     124 |       0 |   0.0 |       4 |       0 |   0.0
            +---------+---------+-------+---------+---------+-------
